 Dungeon Crawl Stone Soup version 0.28-a0-1199-gef9e1dbd39 (webtiles) character file.

Game seed: 9634551273496773199

322 leviel the Skirmisher (level 6, -13/56 HPs)
             Began as a Hill Orc Fighter on Dec 20, 2021.
             Mangled by a two-headed ogre (19 damage)
             ... on level 5 of the Dungeon.
             The game lasted 00:05:03 (4243 turns).

leviel the Skirmisher (Hill Orc Fighter)            Turns: 4243, Time: 00:05:03

Health: -13/56     AC:  7    Str: 21    XL:     6   Next: 47%
Magic:  0/6        EV:  9    Int:  8    God:
Gold:   137        SH:  4    Dex: 10    Spells: 5/5 levels left

rFire   . . .      SeeInvis .   a - +0 broad axe
rCold   . . .      Faith    .   c - +0 buckler
rNeg    . . .      Spirit   +   b - +0 scale mail
rPois   .          Reflect  .   (no helmet)
rElec   .          Harm     .   (no cloak)
rCorr   .          Rampage  .   (no gloves)
Will    .....                   (no boots)
Stlth   ..........              i - amulet of guardian spirit
HPRegen 0.18/turn               (no ring)
MPRegen 0.10/turn               (no ring)

@: no status effects
A: no striking features
a: Convert to Beogh


You were on level 5 of the Dungeon.
You visited 1 branch of the dungeon, and saw 5 of its levels.

You collected 137 gold pieces.

Inventory:

Hand Weapons
 a - a +0 broad axe (weapon)
Missiles
 g - 4 silver javelins (quivered)
 m - 21 poisoned darts
Armour
 b - a +0 scale mail (worn)
 c - a +0 buckler (worn)
Jewellery
 i - an amulet of guardian spirit (around neck)
 l - a +6 ring of strength
Wands
 n - a wand of charming (13)
Scrolls
 j - a scroll of fear {unknown}
 k - a scroll of immolation {unknown}
 r - a scroll of blinking
Potions
 d - a potion of might
 e - a potion of degeneration {unknown}
 f - 3 potions of heal wounds
 h - 2 potions of berserk rage {unknown}
 o - a potion of lignification {unknown}
 p - a potion of curing {unknown}
 q - a potion of flight {unknown}


   Skills:
 + Level 5.2 Fighting
 + Level 4.9 Axes
 + Level 4.8 Armour
 + Level 4.8 Shields


You had 5 spell levels left.
You didn't know any spells.
Your spell library contained the following spells:

 Spells                   Type           Power      Damage    Failure   Level
 Apportation              Tloc           0%         N/A       75%         1
 Ozocubu's Armour         Ice            0%         N/A       98%         3
 Alistair's Intoxication  Tmut/Pois      0%         N/A       100%        5
 Metabolic Englaciation   Hex/Ice        0%         N/A       100%        5
 Simulacrum               Ice/Necr       0%         N/A       100%        6


Dungeon Overview and Level Annotations

Branches:
Dungeon (5/15)
 Temple: D:4-7

Altars:
Zin


Message History

You are too injured to fight recklessly!
You are too injured to fight recklessly!
You are too injured to fight recklessly!
You are too injured to fight recklessly!
You are too injured to fight recklessly!
You are too injured to fight recklessly!
You are too injured to fight recklessly!
You are too injured to fight recklessly!
You are too injured to fight recklessly!
The howler monkey skeleton hits you but does no damage.
You see here a +0 giant club.
The howler monkey skeleton hits you but does no damage.
An orc priest comes into view. It is wielding a +0 club.
Found 15 gold pieces.
Found a stone staircase leading up.
You feel much better.
You closely miss the orc. The orc hits you but does no damage.
You barely miss the two-headed ogre.
The two-headed ogre is moderately wounded.
You block the two-headed ogre's attack.
The two-headed ogre hits you with a +0 giant club!
The orc priest shouts, "Surrender to Beogh and we'll let you live!"
You slash the two-headed ogre!
The two-headed ogre is moderately wounded.
You feel a little less mighty now.
The orc priest mumbles some strange prayers to Beogh against you.
Beogh smites you!
You block the two-headed ogre's attack. x2
You slash the two-headed ogre!
The two-headed ogre is severely wounded.
You block the two-headed ogre's attack.
The two-headed ogre hits you with a +0 giant club!
* * * LOW HITPOINT WARNING * * *
You hit the two-headed ogre but do no damage.
The two-headed ogre is severely wounded.
You block the two-headed ogre's attack.
The two-headed ogre hits you with a +0 giant club!
* * * LOW HITPOINT WARNING * * *
You hit the two-headed ogre.
The two-headed ogre is severely wounded.
The two-headed ogre hits you with a +0 giant club!!
You die...

.>#.# #.#.#
#.#.# #####...#
##### #.<.#...#
.....o#o#o#o).#
#....oZ.O..#
#..##O###..#
#.. #@# ..#
#.....# ..#
#...### ..#
.<.... ...
####. .### ..
.# $.


You could see a two-headed ogre, 2 orc priests, an orc and a howler monkey
skeleton.

Vanquished Creatures
  An ogre (D:5)
  A scorpion (D:4)
  A hound (D:4)
  An orc wizard (D:5)
  4 adders
  An adder skeleton (D:4)
  3 worms
  A dart slug (D:3)
  An orc (D:5)
  9 endoplasms
  2 giant cockroaches
  10 goblins
  6 hobgoblins
  8 jackals
  4 quokkas (D:1)
  5 ball pythons
  4 bats
  6 frilled lizards
  6 kobolds
  A rat (D:1)
75 creatures vanquished.

Notes
Turn   | Place    | Note
-------+----------+-------------------------------------------
     0 | D:1      | leviel the Hill Orc Fighter began the quest for the Orb.
     0 | D:1      | Reached XP level 1. HP: 19/19 MP: 1/1
   359 | D:1      | Reached XP level 2. HP: 24/27 MP: 2/2
  1093 | D:1      | Reached skill level 4 in Fighting
  1195 | D:2      | Reached XP level 3. HP: 33/33 MP: 3/3
  1757 | D:2      | Reached XP level 4. HP: 26/40 MP: 4/4
  2403 | D:3      | Found a faded altar of an unknown god.
  2992 | D:3      | Found a glowing silver altar of Zin.
  3342 | D:4      | Reached XP level 5. HP: 32/47 MP: 3/5
  4181 | D:5      | Entered Level 5 of the Dungeon
  4182 | D:5      | Noticed an ogre
  4186 | D:5      | Killed an ogre
  4187 | D:5      | Reached skill level 5 in Fighting
  4187 | D:5      | Reached XP level 6. HP: 47/56 MP: 4/6
  4225 | D:5      | Noticed a two-headed ogre
  4243 | D:5      | Mangled by a two-headed ogre

Illustrated notes

Levels and vault maps discovered:
D:1:      nagdon_arrival_zigzag_paths, layout_basic, minmay_misc_feat_square
D:2:      layout_rooms, kennysheep_generic_room_10
D:3:      layout_basic, mainiacjoe_overflow_six_doors_small,
          ebering_ecumenical_altar_hall, grunt_decor_resistance
D:4:      layout_basic
D:5:      layout_loops_ring, serial_shops, nicolae_shop_advertising_works
          [nicolae_subvault_shop_adworks]

Skill      XL: |  1  2  3  4  5 |
---------------+----------------+-----
Axes           | 3 4 |  4.9
Fighting       | 4 5 |  5.2
Shields        | 4 |  4.8
Armour         | 4 |  4.8

Action                   |  1- 3 |  4- 6 || total
-------------------------+-------+-------++-------
Melee: War axe           |   101 |    53 ||   154
       Broad axe         |       |    66 ||    66
  Use: Scroll            |     3 |       ||     3
       Potion            |       |     3 ||     3
Armor: Scale mail        |    54 |    68 ||   122
Dodge: Dodged            |    50 |    45 ||    95
Block: Buckler           |    30 |    28 ||    58

Table legend: (Time is in decaauts)
 A = Elapsed time spent in this place.
 B = Non-inter-level travel time spent in this place.
 C = Inter-level travel time spent in this place.
 D = Time resting spent in this place.
 E = Time spent auto-exploring this place.
 F = Levels seen in this place.
 G = Mean time per level.
                   A        B        C        D        E       F      G
               +--------+--------+--------+--------+--------+-----+--------+
         Total |   4319 |   4163 |    156 |    652 |   2943 |   5 |  863.8 |
       Dungeon |   4319 |   4163 |    156 |    652 |   2943 |   5 |  863.8 |
               +--------+--------+--------+--------+--------+-----+--------+

Top non-repeatable levels by time:
     D:1: 1200 daAuts
     D:2: 1064 daAuts
     D:3: 1003 daAuts
     D:4: 985 daAuts
     D:5: 66 daAuts
